 Dungeon Crawl Stone Soup version 0.30-a0-870-gc5d4c5acee (webtiles) character file.

Game seed: 7915884325502207607

121 Pimp the Firebug (level 4, -1/32 HPs)
             Began as a Demonspawn Fire Elementalist on Mar 11, 2023.
             Slain by a gnoll
             ... wielding a +0 club
              (6 damage)
             ... on level 4 of the Dungeon.
             The game lasted 00:06:31 (2398 turns).

Pimp the Firebug (Demonspawn Fire Elementalist)     Turns: 2398, Time: 00:06:32

Health: -1/32      AC:  4    Str:  9    XL:     4   Next: 76%
Magic:  3/7        EV: 12    Int: 18    God:
Gold:   130        SH:  0    Dex: 13    Spells: 1/7 levels left

rFire   . . .      SeeInvis .    e - +2 spear (venom)
rCold   . . .      Faith    .    (no shield)
rNeg    . . .      Spirit   .    a - +0 robe
rPois   .          Reflect  .    (no helmet)
rElec   .          Rampage  .    d - +0 cloak
rCorr   .                        (no gloves)
Will    .....                    (no boots)
Stlth   ++                       (no amulet)
HPRegen 0.25/turn                (no ring)
MPRegen 0.10/turn                (no ring)

@: no status effects
A: sharp scales 1, weakness stinger 1
a: no special abilities


You were on level 4 of the Dungeon.
You visited 1 branch of the dungeon, and saw 4 of its levels.

You collected 130 gold pieces.

Inventory:

Hand Weapons
 e - a +2 spear of venom (weapon)
Missiles
 k - 5 poisoned darts
 p - 3 boomerangs
Armour
 a - a +0 robe (worn)
 d - a +0 cloak (worn)
Jewellery
 i - a ring of magical power
Scrolls
 c - a scroll of immolation
 f - a scroll of identify
 j - a scroll of fog
 n - a scroll of blinking
Potions
 b - a potion of magic
 g - a potion of lignification {unknown}
 h - a potion of berserk rage {unknown}
 l - a potion of cancellation {unknown}
 m - a potion of curing
 o - 2 potions of might {unknown}
 q - a potion of brilliance {unknown}


   Skills:
 + Level 1.2 Fighting
 + Level 1.2 Polearms
 + Level 1.1 Armour
 + Level 2.2 Dodging
 + Level 2.3 Stealth
 + Level 2.3 Spellcasting
 + Level 2.0 Conjurations
 + Level 3.0 Fire Magic


You had one spell level left.
You knew the following spells:

 Your Spells              Type           Power      Damage    Failure   Level
a - Foxfire               Conj/Fire      44%        2x1d6     6%          1
b - Scorch                Fire           26%        2d6       8%          2
c - Inner Flame           Hex/Fire       7%         N/A       28%         3

Your spell library contained the following spells:

 Spells                   Type           Power      Damage    Failure   Level
 Kindle Blastsparks       Fire/Tloc/Air  10%        2d10      34%         3
 Flame Wave               Conj/Fire      11%        2d6       52%         4


Dungeon Overview and Level Annotations

Branches:
Dungeon (4/15)
 Temple: D:4-7

Altars:
Qazlal


Innate Abilities, Weirdness & Mutations

You are partially covered in razor-sharp scales. (AC +1, Slay +1)
You have a small tail.


Message History

Confirm with . or Enter, or press ? or * to list all spells.
You conjure some foxfire!
The foxfire hits the gnoll but does no damage.
The gnoll is severely wounded.
The foxfire hits the gnoll.
The gnoll is almost dead.
Casting: Foxfire (safe; 6% risk of failure)
Confirm with . or Enter, or press ? or * to list all spells.
You conjure some foxfire!
The foxfire hits the gnoll but does no damage.
The gnoll is almost dead.
Your foxfire dissipates!
The gnoll hits you from afar with a +0 spear.
The gnoll hits you with a +0 whip! The gnoll barely misses you.
You hit the gnoll.
The gnoll is poisoned.
The gnoll is heavily wounded.
The gnoll hits you with a +0 whip. The gnoll barely misses you. x2
The gnoll hits you with a +0 club. The gnoll closely misses you.
You hit the gnoll.
The gnoll is poisoned.
The gnoll is moderately wounded.
The gnoll hits you but does no damage. The gnoll barely misses you. x2
You barely miss the gnoll.
Your tail-slap misses the gnoll.
The gnoll is almost dead.
The gnoll hits you with a +0 spear.
* * * LOW HITPOINT WARNING * * *
The gnoll hits you with a +0 club.
* * * LOW HITPOINT WARNING * * *
The gnoll closely misses you.
You feel better. The gnoll hits you with a +0 spear.
The gnoll hits you with a +0 club.
* * * LOW HITPOINT WARNING * * *
The gnoll barely misses you.
You hit the gnoll.
You kill the gnoll!
The gnoll hits you with a +0 spear.
* * * LOW HITPOINT WARNING * * *
The gnoll hits you but does no damage.
Your Conjurations skill increases to level 2!
The gnoll attacks as you move away! The gnoll hits you with a +0 club.
You die...

... ..
##.#
#..#
##.#
#..#
##.##
#gg#
##@##
#).#
#####.##
#..#..#
#.#.##
#...#
#...#
##.##
#...##


You could see 2 gnolls.

Vanquished Creatures
  A gnoll (D:4)
  4 adders
  A worm (D:3)
  2 dart slugs
  11 orcs
  3 ball pythons
  4 endoplasms
  A giant cockroach (D:3)
  2 goblins
  9 hobgoblins
  A quokka (D:3)
  5 bats
  4 frilled lizards
  3 kobolds
  2 rats
53 creatures vanquished.

Vanquished Creatures (others)
  54 foxfires
54 creatures vanquished.

Grand Total: 107 creatures vanquished

Notes
Turn   | Place    | Note
-------+----------+-------------------------------------------
     0 | D:1      | Pimp the Demonspawn Fire Elementalist began the quest for
                  | the Orb.
     0 | D:1      | Reached XP level 1. HP: 13/13 MP: 3/3
   346 | D:1      | Gained mutation: You are partially covered in razor-sharp
                  | scales. (AC +1, Slay +1) [demonic ancestry]
   346 | D:1      | Reached XP level 2. HP: 19/19 MP: 3/5
   910 | D:2      | You fall into a shaft and drop 1 floor!
   929 | D:3      | Learned a level 2 spell: Scorch
   936 | D:3      | Reached XP level 3. HP: 25/25 MP: 0/6
  1093 | D:3      | Learned a level 3 spell: Inner Flame
  1623 | D:3      | Gained mutation: You have a small tail. [demonic ancestry]
  1623 | D:3      | Reached XP level 4. HP: 31/31 MP: 7/7
  1648 | D:3      | Reached skill level 1 in Fighting
  1648 | D:3      | Reached skill level 1 in Armour
  1652 | D:3      | Reached skill level 1 in Polearms
  1741 | D:3      | Found a stormy altar of Qazlal.
  2201 | D:4      | Reached skill level 3 in Fire Magic
  2398 | D:4      | Slain by a gnoll

Illustrated notes

Levels and vault maps discovered:
D:1:      mrwooster_arrival_arrow, layout_loops_ring
D:2:      layout_loops_ring, supply_closet_lemuel, minivault_14
D:3:      layout_loops_corners, mainiacjoe_overflow_boulevard
D:4:      layout_cave_pods

Skill      XL: |  1  2  3  4 |
---------------+-------------+-----
Dodging        | 2 |  2.2
Stealth        | 2 |  2.3
Fighting       | 1 |  1.2
Armour         | 1 |  1.1
Polearms       | 1 |  1.2
Fire Magic     | 3 |  3.0
Conjurations   | 2 |  2.0
Spellcasting   | |  2.3

Action                     |  1- 3 |  4- 6 || total
---------------------------+-------+-------++-------
  Melee: Unarmed           |    10 |       ||    10
         Spear             |    60 |    42 ||   102
         Punch             |     1 |     1 ||     2
         Tailslap          |       |     3 ||     3
   Cast: Foxfire           |    25 |    15 ||    40
         Scorch            |     1 |       ||     1
    Use: Scroll            |     5 |     1 ||     6
         Potion            |     3 |     1 ||     4
   Stab: Sleeping          |     6 |       ||     6
 Armour: Robe              |    26 |    11 ||    37
  Dodge: Dodged            |    59 |    26 ||    85

Table legend: (Time is in decaauts)
 A = Elapsed time spent in this place.
 B = Non-inter-level travel time spent in this place.
 C = Inter-level travel time spent in this place.
 D = Time resting spent in this place.
 E = Time spent auto-exploring this place.
 F = Levels seen in this place.
 G = Mean time per level.
                   A        B        C        D        E       F      G
               +--------+--------+--------+--------+--------+-----+--------+
         Total |   2407 |   2366 |     41 |    345 |   1535 |   4 |  601.8 |
       Dungeon |   2407 |   2366 |     41 |    345 |   1535 |   4 |  601.8 |
               +--------+--------+--------+--------+--------+-----+--------+

Top non-repeatable levels by time:
     D:3: 1083 daAuts
     D:1: 808 daAuts
     D:4: 410 daAuts
     D:2: 104 daAuts
